 Dungeon Crawl Stone Soup version 0.31-a0-1059-g83d41fd8b6 (webtiles) character file.

Game seed: 5267069774254492795

60 Malachi the Magician (level 4, -5/31 HPs)
             Began as a Djinni Earth Elementalist on Nov 21, 2023.
             Was a Priest of Elyvilon.
             Slain by an iguana (7 damage)
             ... on level 4 of the Dungeon.
             The game lasted 00:02:19 (1777 turns).

Malachi the Magician (Djinni Earth Elementalist)    Turns: 1777, Time: 00:02:20

Health: -5/31      AC:  2    Str:  7    XL:     4   Next: 24%
Gold:   167        EV: 12    Int: 19    God:    Elyvilon [***...] SH:  0 Dex: 13

rFire   + + .        o - +1 flail (protect)
rCold   x . .        (no shield)
rNeg    . . .        a - +0 robe
rPois   ∞            (no helmet)
rElec   .            (no cloak)
rCorr   .            (no gloves)
SInv    .            (boots unavailable)
Will    .....        (no amulet)
Stlth   ++           (no ring)
HPRegen 0.25/turn    (no ring)
MPRegen 0.00/turn

%: infuse magic (-6 HP)
@: flying, very slightly contaminated
A: sickness immunity, fire resistance 2, cold vulnerability 1, float, innate
caster, HP casting, extra vitality 1
a: Renounce Religion, Purification, Heal Other, Heal Self


You were on level 4 of the Dungeon.
You worshipped Elyvilon.
Elyvilon was most pleased with you.
You visited 1 branch of the dungeon, and saw 4 of its levels.

You collected 167 gold pieces.

Inventory:

Hand Weapons
 o - a +1 flail of protection (weapon)
Armour
 a - a +0 robe (worn)
Jewellery
 m - a +4 ring of protection
Scrolls
 b - 4 scrolls of identify {unknown}
 d - a scroll of fear {unknown}
 i - a scroll of fog {unknown}
 l - a scroll of vulnerability {unknown}
Potions
 c - 3 potions of curing {unknown}
 e - a potion of haste {unknown}
 f - a potion of magic {unknown}
 g - a potion of lignification {unknown}
 h - a potion of enlightenment {unknown}
 j - a potion of might {unknown}
 k - a potion of brilliance {unknown}
 n - a potion of cancellation {unknown}


   Skills:
 - Level 2.7 Dodging
 - Level 2.0 Stealth
 + Level 3.4 Spellcasting
 + Level 3.4 Conjurations
 + Level 3.4 Hexes
 + Level 3.4 Summonings
 + Level 3.4 Necromancy
 + Level 3.4 Translocations
 + Level 3.4 Transmutations
 + Level 3.4 Fire Magic
 + Level 3.4 Ice Magic
 + Level 3.4 Air Magic
 + Level 3.4 Earth Magic
 + Level 3.4 Poison Magic
 + Level 1.5 Invocations


You knew the following spells:

 Your Spells              Type           Power      Damage    Failure   Level
a - Sandblast             Erth           32%        2d9       3%          1
b - Passwall              Tmut/Erth      13%        N/A       5%          2
c - Stone Arrow           Conj/Erth      32%        3d9       11%         3
d - Petrify               Tmut/Erth      16%        N/A       34%         4
e - Brom's Barrelling Bo  Conj/Erth      16%        2d4       34%         4
f - Apportation           Tloc           32%        N/A       3%          1
Your spell library was empty.

Dungeon Overview and Level Annotations

Branches:
Dungeon (4/15)
 Temple: D:4-7

Altars:
Elyvilon

Annotations:
D:3 Sigmund


Innate Abilities, Weirdness & Mutations

You are immune to sickness and miasma.
You are immune to poison.
Your flesh is very heat resistant. (rF++)
You are vulnerable to cold. (rC-)
You float through the air rather than walking.
You learn spells naturally, not from books.
Your magical power is your life essence.
You have superior vitality. (+4 MHP)


Message History

You see here a +1 flail of protection.
o - a +1 flail of protection Your +1 flail of protection hums with potential!
o - a +1 flail of protection (weapon)
You now have 167 gold pieces (gained 8).
An iguana comes into view.
An iguana is nearby!
An iguana is nearby!
An iguana is nearby!
Found a leather armour and a sedimented silvery potion.
Aiming: Sandblast (safe; 3% risk of failure)
Press: ? - help, Q - select action, (/) - cycle Shift-Dir - straight line, f - iguana
Aim: an iguana (84% to hit)
The blast of sand misses the iguana.
The iguana bites you! The iguana barely misses you.
Unknown command.
Aiming: Sandblast (safe; 3% risk of failure)
Press: ? - help, Q - select action, (/) - cycle Shift-Dir - straight line, f/p - iguana
Aim: an iguana (84% to hit)
The blast of sand hits the iguana.
The iguana is heavily wounded.
The iguana closely misses you.
Aiming: Sandblast (safe; 3% risk of failure)
Press: ? - help, Q - select action, (/) - cycle Shift-Dir - straight line, f/p - iguana
Aim: an iguana (heavily wounded, 84% to hit)
You miscast Sandblast.
You are very lightly contaminated with residual magic.
Nothing appears to happen.
The iguana closely misses you.
Aiming: Sandblast (safe; 3% risk of failure)
Press: ? - help, Q - select action, (/) - cycle Shift-Dir - straight line, f/p - iguana
Aim: an iguana (heavily wounded, 84% to hit)
The blast of sand hits the iguana.
The iguana is severely wounded.
The iguana barely misses you. The iguana bites you!
* * * LOW HITPOINT WARNING * * *
You barely miss the iguana.
The iguana is severely wounded.
The iguana bites you!
You die...

#... #... ####...
....... .......
#+#+#
.......####.#.#
......l#....#.#
.......@....#.#
......[#.##.#.#####
.......#.........<#
..........#.#.###.#
!.........#.#.#...#
####^#.####.#.#.#.#
#.#. ..#.#.#.# ####
##### #.. ...


You could see an iguana.

Vanquished Creatures
  An adder (D:2)
  2 worms (D:2)
  A dart slug (D:1)
  8 endoplasms
  2 giant cockroaches
  7 goblins
  2 hobgoblins
  2 quokkas (D:1)
  A ball python (D:3)
  4 bats
  A frilled lizard (D:1)
  2 kobolds (D:1)
  7 rats
40 creatures vanquished.

Notes
Turn   | Place    | Note
-------+----------+-------------------------------------------
     0 | D:1      | Malachi the Djinni Earth Elementalist began the quest for
                  | the Orb.
     0 | D:1      | Malachi set off with the following spells memorised:
                  | Sandblast, Passwall, Stone Arrow, Petrify, Brom's
                  | Barrelling Boulder.
     0 | D:1      | Reached XP level 1. HP: 15/15 MP: 0/0
   107 | D:1      | Reached XP level 2. HP: 19/21 MP: 0/0
   141 | D:1      | Found a faded altar of an unknown god.
   150 | D:1      | Prayed at the altar of an unknown god.
   150 | D:1      | Became a worshipper of Elyvilon the Healer
   150 | D:1      | Reached * piety under Elyvilon
   337 | D:1      | Reached XP level 3. HP: 25/25 MP: 0/0
   337 | D:1      | Learned a level 1 spell: Apportation
   653 | D:2      | Reached ** piety under Elyvilon
   704 | D:2      | Reached skill level 1 in Invocations
  1142 | D:2      | Reached XP level 4. HP: 24/31 MP: 0/0
  1596 | D:3      | Noticed Sigmund
  1603 | D:3      | Reached *** piety under Elyvilon
  1777 | D:4      | Slain by an iguana

Illustrated notes

Levels and vault maps discovered:
D:1:      lemuel_arrival_behind_the_door_small, layout_basic,
          dreamdust_ecumenical_altar_statues, kennysheep_flooded_box
D:2:      layout_basic
D:3:      layout_rooms, mainiacjoe_overflow_boulevard, uniq_sigmund, uniq_robin
D:4:      layout_basic, chequers_serial_rivers_micro_c, uniq_crazy_yiuf_cottage,
          uniq_menkaure, uniq_duvessa

Skill      XL: |  1  2  3 |
---------------+----------+-----
Spellcasting   | |  3.4
Conjurations   | |  3.4
Hexes          | |  3.4
Summonings     | |  3.4
Necromancy     | |  3.4
Translocations | |  3.4
Transmutations | |  3.4
Fire Magic     | |  3.4
Ice Magic      | |  3.4
Air Magic      | |  3.4
Earth Magic    | |  3.4
Poison Magic   | |  3.4
Stealth        | 2 |  2.0
Invocations    | 1 |  1.5
Dodging        | |  2.7

Action                     |  1- 3 |  4- 6 || total
---------------------------+-------+-------++-------
  Melee: Unarmed           |     4 |       ||     4
         Flail             |       |     1 ||     1
   Cast: Sandblast         |    45 |    13 ||    58
 Armour: Robe              |     7 |     4 ||    11
  Dodge: Dodged            |    12 |     6 ||    18

Table legend: (Time is in decaauts)
 A = Elapsed time spent in this place.
 B = Non-inter-level travel time spent in this place.
 C = Inter-level travel time spent in this place.
 D = Time resting spent in this place.
 E = Time spent auto-exploring this place.
 F = Levels seen in this place.
 G = Mean time per level.
                   A        B        C        D        E       F      G
               +--------+--------+--------+--------+--------+-----+--------+
         Total |   1804 |   1749 |     55 |    133 |   1339 |   4 |  451.0 |
       Dungeon |   1804 |   1749 |     55 |    133 |   1339 |   4 |  451.0 |
               +--------+--------+--------+--------+--------+-----+--------+

Top non-repeatable levels by time:
     D:2: 942 daAuts
     D:1: 624 daAuts
     D:4: 154 daAuts
     D:3: 83 daAuts
